 Dungeon Crawl Stone Soup version 0.31-a0-851-g7ff8af7976 (webtiles) character file.

Game seed: 3128752272074709610

13983 Psyclone the Thaumaturge (level 11, -14/68 HPs)
             Began as a Deep Elf Conjurer on Oct 7, 2023.
             Was an Initiate of Ashenzari.
             Shot with an arrow by a minotaur (32 damage)
             ... in a Gauntlet.
             The game lasted 00:43:47 (13136 turns).

Psyclone the Thaumaturge (Deep Elf Conjurer)       Turns: 13136, Time: 00:43:48

Health: -14/68     AC:  9    Str:  9    XL:     11   Next: 82%
Magic:  27/36      EV: 22    Int: 26    God:    Ashenzari [......]
Gold:   636        SH:  0    Dex: 19    Spells: 14/31 levels left

rFire   . . .        a - +3 dagger of the Final Mice {spect, Str+2}
rCold   . . .        (no shield)
rNeg    + . .        g - +0 steam dragon scales
rPois   +            k - +1 helmet
rElec   .            p - +0 cloak {rPois}
rCorr   .            F - +0 pair of gloves
SInv    +            (no boots)
Will    +++..        y - amulet of Amelioration {RegenMP rN+ Will+ Stlth+}
Stlth   +++          d - +5 ring of evasion
HPRegen 0.31/turn    m - ring "Viucux" {MP+9 Dex+3 SInv}
MPRegen 0.65/turn

%: no teleportation
@: no status effects
A: agile 1, strong-willed 1, strong 1
a: Renounce Religion, Curse Item


You were in a Gauntlet.
You worshipped Ashenzari.
Ashenzari was noncommittal.
You visited 2 branches of the dungeon, and saw 12 of its levels.
You also visited: Gauntlet.

You collected 807 gold pieces.
You spent 171 gold pieces at shops.

Inventory:

Hand Weapons
 a - the +3 dagger of the Final Mice (weapon) {spect, Str+2}
   (You found it on level 3 of the Dungeon)

   Str+2:     It affects your strength (+2).
 H - a +2 scimitar of flaming
Armour
 g - +0 steam dragon scales (worn)
 k - a +1 helmet (worn)
 p - a +0 cloak of poison resistance (worn)
 F - a +0 pair of gloves (worn)
 K - a +0 buckler
Magical Staves
 t - a staff of cold
 D - a staff of air
Jewellery
 d - a +5 ring of evasion (left hand)
 m - the ring "Viucux" (right hand) {MP+9 Dex+3 SInv}
   (You acquired it in a Gauntlet)

   [ring of magical power]

   Dex+3:     It affects your dexterity (+3).
   MP+9:      It affects your magic capacity (+9).
   SInv:      It lets you see invisible.
 x - a +5 ring of evasion
 y - the amulet of Amelioration (around neck) {RegenMP rN+ Will+ Stlth+}
   (You found it on level 5 of the Dungeon)

   [amulet of magic regeneration]

   RegenMP:   It increases your rate of magic regeneration.
   rN+:       It protects you from negative energy.
   Will+:     It increases your willpower.
   Stlth+:    It makes you more stealthy.
 z - a ring of wizardry
 I - the amulet "Afy Jage" {Faith rElec rPois Regen+}
   (You found it in a Gauntlet)

   [amulet of faith]

   Faith:     It allows you to gain divine favour quickly.
   rElec:     It insulates you from electricity.
   rPois:     It protects you from poison Regen+: It increases your rate of
   health regeneration.
 M - an amulet of reflection
Wands
 e - a wand of roots (12)
 s - a wand of flame (37)
 w - a wand of acid (7)
 J - a wand of paralysis (4)
 L - a wand of polymorph (3)
Scrolls
 f - a scroll of vulnerability
 h - 3 scrolls of amnesia
 l - a scroll of summoning
 o - 2 scrolls of enchant armour
 r - a scroll of poison
 u - 2 scrolls of fog
 v - 3 scrolls of enchant weapon
 A - 3 scrolls of blinking
 B - 3 scrolls of teleportation
 P - a scroll of identify {@r1}
Potions
 b - 3 potions of magic
 c - 2 potions of brilliance
 i - 4 potions of enlightenment
 j - 3 potions of attraction
 n - 2 potions of lignification
 q - 2 potions of heal wounds
 C - 5 potions of curing
 E - a potion of haste
 G - a potion of berserk rage
 O - a potion of invisibility


   Skills:
 - Level 8.0 Fighting
 - Level 8.0 Dodging
 - Level 2.4 Stealth
 * Level 1.9 Shields
 + Level 10.5 Spellcasting
 + Level 10.3 Conjurations
 - Level 6.0 Hexes
 - Level 6.4 Translocations
 - Level 6.4 Fire Magic
 - Level 3.0 Air Magic


You had 14 spell levels left.
You knew the following spells:

 Your Spells              Type           Power      Damage    Failure   Level
a - Magic Dart            Conj           100%       1d8       1%          1
b - Searing Ray           Conj           100%       2d8       1%          2
c - Volatile Blastmotes   Fire/Tloc      94%        2d17      1%          3
d - Fulminant Prism       Conj/Hex       27%        3d14      1%          4
e - Iskenderun's Mystic   Conj/Tloc      55%        2d12      1%          4
r - Swiftness             Air            29%        N/A       3%          3

Your spell library contained the following spells:

 Spells                   Type           Power      Damage    Failure   Level
 Apportation              Tloc           94%        N/A       1%          1
 Shock                    Conj/Air       100%       1d9       1%          1
 Dazzling Flash           Conj/Hex       100%       N/A       1%          3
 Hailstorm                Conj/Ice       40%        3d10      1%          3
 Mephitic Cloud           Conj/Pois/Air  36%        N/A       1%          3
 Iskenderun's Battlesphe  Conj           61%        2d11      1%          5
 Summon Guardian Golem    Hex/Summ       29%        N/A       3%          3
 Necrotise                Necr           52%        1d6       4%          1
 Summon Small Mammal      Summ           52%        N/A       4%          1
 Call Imp                 Summ           26%        N/A       7%          2
 Call Canine Familiar     Summ           13%        N/A       13%         3
 Airstrike                Air            14%        2d(3-19)  13%         4
 Starburst                Conj/Fire      27%        6d9       22%         6
 Summon Ice Beast         Ice/Summ       13%        N/A       41%         4
 Bombard                  Conj/Erth      20%        9d4       63%         6
 Spellforged Servitor     Conj/Summ      20%        N/A       99%         7
 Simulacrum               Ice/Necr       6%         N/A       100%        6
 Maxwell's Capacitive Co  Air            14%        ∞         100%        8


Dungeon Overview and Level Annotations

Branches:
Dungeon (11/15) Zot: 26720  Temple (1/1) D:7 Zot: 5973    Lair (0/5) D:11
    Orc (0/2) D:10        Gauntlet (1/1) Zot: 5219

Altars:
Ashenzari
Cheibriados
Dithmenos
Elyvilon
Fedhas
Gozag
Hepliaklqana
Kikubaaqudgha
Makhleb
Nemelex Xobeh
Okawaru
Qazlal
Ru
Sif Muna
Trog
Uskayaw
Vehumet
Wu Jian
Xom
Yredelemnul
Zin
The Shining One

Shops:
D:1 !   D:2 ?   D:10 *

Annotations:
D:10 Gastronok
D:11 Harold Gauntlet 8 transporters, 2 runed translucent doors


Innate Abilities, Weirdness & Mutations

You are agile. (Dex +4, Str/Int -1)
You are strong-willed. (Will+)
Your muscles are strong. (Str +4, Int/Dex -1)


Message History

There is a transporter here.
You start resting.
Magic restored.
MP restored: 36 You enter the transporter and appear at another place.
You open the door.
A minotaur comes into view.
It is wielding a +5 flail of holy wrath, wearing a +6 chain mail of ponderousness and quivering silver javelins.
Found a runed chain mail and a runed bronze wand.
Casting: Fulminant Prism (dangerous; 1% risk of failure)
Confirm with . or Enter, or press ? or * to list all spells.
Aiming: Fulminant Prism (dangerous; 1% risk of failure)
Press: ? - help, Dir - move target You conjure a prism of explosive energy!
The minotaur bellows!
A fulminant prism comes into view.
The minotaur unwields a +5 flail of holy wrath.
It stops glowing.
The minotaur wields a +0 longbow.
The minotaur shoots an arrow.
The arrow hits you!!
You take 33 damage, and have 35/68 hp.
MASSIVE DAMAGE!!
You now have 32/36 mp.
The minotaur shoots an arrow.
The arrow hits you!!
* * * LOW HITPOINT WARNING * * *
Your fulminant prism crackles loudly.
You take 18 damage, and have 17/68 hp.
MASSIVE DAMAGE!!
Your fulminant prism explodes!
The blast of energy engulfs the minotaur!!
The minotaur is moderately wounded.
Casting: Fulminant Prism (dangerous; 1% risk of failure)
Confirm with . or Enter, or press ? or * to list all spells.
You erupt in a blast of force!
The mystic blast hits the minotaur but does no damage.
The minotaur is moderately wounded.
The minotaur shoots an arrow.
The arrow barely misses you.
You now have 30/36 mp.
Casting: Iskenderun's Mystic Blast (dangerous; 1% risk of failure)
Confirm with . or Enter, or press ? or * to list all spells.
You erupt in a blast of force!
The mystic blast hits the minotaur but does no damage.
The minotaur is moderately wounded.
The minotaur shoots an arrow.
The arrow hits you!!
You die...

##.##.###.♣.#.....#©#
#8..........#.♣...#?#
#.....#.#.©.#.P...#[#
**#######.#.#...#.....##t
*8/8[8.8#...#.©.#.....###
*∩......'.###...#..∩.....
*8,8,8,8#H..#.©.#.....###
****#####.#.#...#.....#..
#...@.#.#.©.#.P...#}#
#8..........#.♣P..#?#
##.##.###.♣.#..P..#©#
#..........##..♣.#[#
########.♣.###...#h#
#...##≈...#tb
#*#*#≈≈.P.### ##≈.♣....
##.P.###


You could see a minotaur.

Vanquished Creatures
  3 two-headed ogres
  A centaur warrior (D:8)
  Urug (D:11)
  2 orange crystal statues
  A manticore (D:8)
  An oklob plant (Gauntlet)
  A cyclops (D:11)
  An ugly thing (D:10)
  An ice statue (D:8)
  Joseph (D:8)
  A gargoyle (D:11)
  Maggie (D:7)
  An efreet (D:8)
  A meliai (D:8)
  2 trolls
  A hornet (D:8)
  Sigmund (D:5)
  A shadow (D:11)
  4 yaks
  2 wraiths
  6 flying skulls (Gauntlet)
  A wyvern (D:8)
  3 acid dragons
  2 water moccasins
  Edmund (D:5)
  3 orc warriors
  An ice beast (D:8)
  A black bear (D:7)
  An ogre (D:5)
  4 wolves (D:11)
  3 centaurs
  4 kobold brigands
  Blork the orc (D:5)
  2 bullfrogs (D:9)
  2 scorpions (D:5)
  9 wights
  A killer bee (D:8)
  3 electric eels (D:11)
  4 howler monkeys
  4 jellies
  4 hounds
  A gnoll bouda (D:8)
  5 orc priests
  An iron imp (D:5)
  3 sleepcaps
  4 iguanas
  4 orc wizards
  6 adders
  45 orcs
  7 bats
  8 endoplasms
  7 giant cockroaches
  6 goblins
  7 hobgoblins
  6 jackals
  33 kobolds
  11 ball pythons
  2 frilled lizards (D:2)
  4 rats
248 creatures vanquished.

Vanquished Creatures (others)
  A howler monkey (D:9)
  An orc wizard (D:11)
  100 fulminant prisms
102 creatures vanquished.

Grand Total: 350 creatures vanquished

Notes
Turn   | Place    | Note
-------+----------+-------------------------------------------
     0 | D:1      | Psyclone the Deep Elf Conjurer began the quest for the Orb.
     0 | D:1      | Reached XP level 1. HP: 10/10 MP: 6/6
   159 | D:1      | Found Jaonau's Distillery.
   171 | D:1      | Reached XP level 2. HP: 15/15 MP: 4/8
   173 | D:1      | Reached skill level 5 in Conjurations
   459 | D:1      | Bought a potion of degeneration for 10 gold pieces
  1020 | D:1      | Reached XP level 3. HP: 19/19 MP: 7/9
  1026 | D:1      | Learned a level 2 spell: Searing Ray
  1316 | D:1      | Learned a level 3 spell: Volatile Blastmotes
  1741 | D:2      | Reached skill level 1 in Fire Magic
  1845 | D:2      | Found Cybbes's Magic Scroll Shoppe.
  1873 | D:2      | Reached XP level 4. HP: 24/24 MP: 7/10
  2753 | D:3      | Identified the +3 dagger of the Final Mice {spect, Str+2}
  2873 | D:3      | Found a glowing silver altar of Zin.
  3392 | D:4      | Found a sparkling altar of Nemelex Xobeh.
  3393 | D:4      | Found an opulent altar of Gozag.
  3465 | D:4      | Reached XP level 5. HP: 28/28 MP: 8/11
  3842 | D:4      | Found a shadowy altar of Dithmenos.
  3959 | D:5      | Entered Level 5 of the Dungeon
  3968 | D:5      | Found a snail-covered altar of Cheibriados.
  3968 | D:5      | Noticed Blork the orc
  4019 | D:5      | Killed Blork the orc
  4020 | D:5      | Reached XP level 6. HP: 32/32 MP: 7/12
  4027 | D:5      | Learned a level 4 spell: Fulminant Prism
  4125 | D:5      | Identified the amulet of Amelioration {RegenMP rN+ Will+
                  | Stlth+}
  4384 | D:5      | Noticed Sigmund
  4411 | D:5      | Killed Sigmund
  4412 | D:5      | Reached XP level 7. HP: 36/36 MP: 14/18
  4480 | D:5      | Learned a level 4 spell: Iskenderun's Mystic Blast
  4496 | D:5      | Reached skill level 1 in Translocations
  4631 | D:5      | Noticed Edmund
  4702 | D:5      | Killed Edmund
  4990 | D:6      | Reached XP level 8. HP: 40/41 MP: 15/19
  5232 | D:6      | Reached skill level 5 in Fire Magic
  5347 | D:6      | Learned a level 3 spell: Swiftness
  5501 | D:6      | Found a white marble altar of Elyvilon.
  5732 | D:7      | Reached skill level 1 in Air Magic
  6051 | D:7      | Found a staircase to the Ecumenical Temple.
  6063 | Temple   | Entered the Ecumenical Temple
  6076 | Temple   | Became a worshipper of Ashenzari the Shackled
  6556 | D:7      | Found a sacrificial altar of Ru.
  6722 | D:7      | Noticed Maggie
  6740 | D:7      | Killed Maggie
  7192 | D:7      | Found a stormy altar of Qazlal.
  7382 | D:8      | Reached XP level 9. HP: 45/45 MP: 15/22
  7642 | D:8      | Reached skill level 5 in Dodging
  7992 | D:8      | Noticed Joseph
  8099 | D:8      | Paralysed by a hornet for 3 turns
  8204 | D:8      | Noticed a two-headed ogre
  8225 | D:8      | Killed a two-headed ogre
  8294 | D:8      | Noticed an orange crystal statue
  8332 | D:8      | Noticed an ice statue
  8411 | D:8      | Noticed an efreet
  8415 | D:8      | Killed an efreet
  8418 | D:8      | Reached XP level 10. HP: 56/56 MP: 16/24
  8487 | D:8      | Noticed a manticore
  8550 | D:8      | Noticed a centaur warrior
  8568 | D:8      | Killed a centaur warrior
  8569 | D:8      | Reached skill level 5 in Fighting
  8899 | D:8      | Killed Joseph
  9104 | D:8      | Killed a manticore
  9267 | D:8      | Killed an orange crystal statue
  9417 | D:8      | Gained mutation: You sometimes lose your temper in combat.
                  | [potion of mutation]
  9417 | D:8      | Gained mutation: You have sharp toenails. [potion of
                  | mutation]
  9566 | D:1      | Bought a potion of mutation for 80 gold pieces
  9566 | D:1      | Lost mutation: You have sharp toenails. [potion of
                  | mutation]
  9566 | D:1      | Lost mutation: You sometimes lose your temper in combat.
                  | [potion of mutation]
  9566 | D:1      | Gained mutation: You are strong-willed. (Will+) [potion of
                  | mutation]
  9566 | D:1      | Gained mutation: Your muscles are strong. (Str +4, Int/Dex
                  | -1) [potion of mutation]
  9566 | D:1      | Gained mutation: You are agile. (Dex +4, Str/Int -1)
                  | [potion of mutation]
  9751 | D:8      | Killed an ice statue
 10244 | D:9      | Noticed a two-headed ogre
 10258 | D:9      | Killed a two-headed ogre
 10563 | D:10     | Entered Level 10 of the Dungeon
 10600 | D:10     | Reached XP level 11. HP: 68/68 MP: 19/25
 10809 | D:10     | Noticed Gastronok
 11226 | D:10     | Found Kuekiwk's Assorted Antiques.
 11232 | D:10     | Bought a lumpy pink potion for 27 gold pieces
 11232 | D:10     | Bought 2 fizzy clear potions for 54 gold pieces
 11317 | D:10     | Noticed a cyan ugly thing
 11327 | D:10     | Killed a cyan ugly thing
 12038 | D:10     | Found a staircase to the Orcish Mines.
 12099 | D:11     | Reached skill level 5 in Hexes
 12172 | D:11     | Noticed a two-headed ogre
 12181 | D:11     | Killed a two-headed ogre
 12286 | D:11     | Noticed Urug
 12311 | D:11     | Killed Urug
 12312 | D:11     | Reached skill level 10 in Spellcasting
 12321 | D:11     | Found a staircase to the Lair.
 12359 | D:11     | Found a gate leading to a gauntlet.
 12359 | D:11     | Noticed Harold
 12370 | Gauntlet | Entered a Gauntlet
 12370 | Gauntlet | Found a transporter.
 12534 | Gauntlet | Found a transporter.
 12535 | Gauntlet | Found a transporter.
 12536 | Gauntlet | Noticed an oklob plant
 12553 | Gauntlet | Found a transporter.
 12554 | Gauntlet | Found a transporter.
 12558 | Gauntlet | Found a runed translucent door.
 12559 | Gauntlet | Noticed an orange crystal statue
 12562 | Gauntlet | Found a runed translucent door.
 12567 | Gauntlet | Found a transporter.
 12584 | Gauntlet | Found a transporter.
 12588 | Gauntlet | Found a transporter.
 12607 | Gauntlet | Found a runed translucent door.
 12609 | Gauntlet | Found a transporter.
 12611 | Gauntlet | Found a runed translucent door.
 12612 | Gauntlet | Noticed a fire crab
 12614 | Gauntlet | Found a transporter.
 12635 | Gauntlet | Noticed a wizard
 12636 | Gauntlet | Found a transporter.
 12636 | Gauntlet | Found a transporter.
 12685 | Gauntlet | Found a transporter.
 12689 | Gauntlet | Found a transporter.
 12696 | Gauntlet | Noticed a ghost crab
 12808 | Gauntlet | Identified a scroll of acquirement
 12808 | Gauntlet | Acquired the ring "Viucux" {MP+9 Dex+3 SInv}
 12836 | Gauntlet | Reached skill level 10 in Conjurations
 13053 | Gauntlet | Killed an oklob plant
 13054 | Gauntlet | Reached skill level 1 in Shields
 13093 | Gauntlet | Killed an orange crystal statue
 13098 | Gauntlet | Identified the amulet "Afy Jage" {Faith rElec rPois Regen+}
 13130 | Gauntlet | Noticed a minotaur
 13136 | Gauntlet | Shot with an arrow by a minotaur

Illustrated notes

Levels and vault maps discovered:
D:1:      scummos_arrival_hexagon, layout_basic, serial_shops,
          nicolae_shop_statue_plus
D:2:      layout_loops_ring, serial_shops, shop, minmay_unequal
D:3:      layout_loops_ring, overflow_temple_1_default, serial_park_tiny_pond
D:4:      layout_cave_pools, grunt_temple_overflow_opulence,
          mainiacjoe_overflow_surrounded_room, serial_forest,
          infiniplex_forest_end_1, infiniplex_forest_lined_2,
          infiniplex_forest_clump_tiny, infiniplex_forest_corner_1
D:5:      layout_loops_ring, slow_altar_1, minmay_misc_feat_enclosed,
          minmay_crystal_room, nicolae_letterblocks [nicolae_letter_subblock,
          nicolae_letter_subblock, nicolae_letter_subblock,
          nicolae_letter_subblock, nicolae_letter_subblock,
          nicolae_letter_subblock, nicolae_letter_subblock,
          nicolae_letter_subblock, nicolae_letter_subblock,
          nicolae_letter_subblock, nicolae_letter_subblock,
          nicolae_letter_subblock, nicolae_letter_subblock,
          nicolae_letter_subblock, nicolae_letter_subblock,
          nicolae_letter_subblock, nicolae_letter_subblock,
          nicolae_letter_subblock, nicolae_letter_subblock,
          nicolae_letter_subblock, nicolae_letter_subblock,
          nicolae_letter_subblock, nicolae_letter_subblock,
          nicolae_letter_subblock, nicolae_letter_subblock], uniq_sigmund,
          uniq_blork_the_orc, uniq_edmund
D:6:      layout_loops_ring, elyvilon_altar_4
D:7:      layout_gridville, nicolae_ru_sacrificial_ziggurat,
          grunt_qazlal_sundering, minmay_temple_entry_glassed_door, uniq_maggie
D:8:      minmay_separated_statues, layout_basic, minmay_shattered_shrine,
          uniq_joseph
D:9:      layout_irregular_city, serial_glass, glass_columns_b, glass_columns_c,
          feat_on_display, minmay_strange_pillars, due_unseen_surprise,
          minmay_strange_pillars
D:10:     layout_loops_cross, hiddenorc2_lemuel, serial_shops, shop, hex_tiny,
          uniq_gastronok
D:11:     layout_roguey, erik_lair_island, gauntlet_entry_generic,
          hangedman_abyss_or_decor_passed, uniq_erolcha, uniq_harold, uniq_urug
Temple:   dpeg_chambers_temple
Gauntlet: minmay_gauntlet_77_tree [minmay_gauntlet_arena_77_double_cross,
          minmay_gauntlet_arena_77_two_paths,
          minmay_gauntlet_arena_77_tiled_triplets,
          minmay_gauntlet_arena_77_broken_ladder,
          minmay_gauntlet_arena_77_shame_cube, minmay_gauntlet_arena_77_mess,
          minmay_gauntlet_arena_77_cramped,
          nicolae_gauntlet_exit_dead_adventurers]

Skill      XL: |  1  2  3  4  5  6  7  8  9 10 11 |
---------------+----------------------------------+-----
Conjurations   | 5 6 7 8 10 | 10.3
Fire Magic     | 1 2 3 4 6 |  6.4
Spellcasting   | 6 7 8 10 | 10.5
Translocations | 3 6 |  6.4
Air Magic      | 3 |  3.0
Dodging        | 8 |  8.0
Fighting       | 3 8 |  8.0
Hexes          | 6 |  6.0
Shields        | 1 |  1.9
Stealth        | |  2.4

Action                     |  1- 3 |  4- 6 |  7- 9 | 10-12 || total
---------------------------+-------+-------+-------+-------++-------
  Melee: Dagger            |       |     1 |     1 |    16 ||    18
   Cast: Magic Dart        |    77 |    85 |    42 |    17 ||   221
         Searing Ray       |       |     5 |    33 |    45 ||    83
         Volatile Blastmot |       |     3 |    14 |    20 ||    37
         Fulminant Prism   |       |       |    16 |    84 ||   100
         Iskenderun's Myst |       |       |     3 |    21 ||    24
    Use: Scroll            |       |       |     7 |     5 ||    12
         Potion            |       |       |     6 |     7 ||    13
 Armour: Robe              |       |     2 |    11 |       ||    13
         Steam dragon scal |       |       |    14 |    72 ||    86
  Dodge: Dodged            |     7 |     5 |    48 |   115 ||   175

Table legend: (Time is in decaauts)
 A = Elapsed time spent in this place.
 B = Non-inter-level travel time spent in this place.
 C = Inter-level travel time spent in this place.
 D = Time resting spent in this place.
 E = Time spent auto-exploring this place.
 F = Levels seen in this place.
 G = Mean time per level.
                   A        B        C        D        E       F      G
               +--------+--------+--------+--------+--------+-----+--------+
         Total |  13140 |  12422 |    718 |   2637 |   6677 |  13 | 1010.8 |
       Dungeon |  12333 |  11640 |    693 |   2281 |   6677 |  11 | 1121.2 |
        Temple |     26 |      1 |     25 |      0 |      0 |   1 |   26.0 |
      Gauntlet |    779 |    779 |      0 |    356 |      0 |   1 |  779.0 |
               +--------+--------+--------+--------+--------+-----+--------+

Top non-repeatable levels by time:
     D:8: 2226 daAuts
     D:7: 1519 daAuts
     D:1: 1406 daAuts
    D:10: 1237 daAuts
     D:2: 1104 daAuts
     D:5: 1034 daAuts
     D:9: 986 daAuts
     D:6: 911 daAuts
     D:4: 909 daAuts
Gauntlet: 779 daAuts
     D:3: 717 daAuts
    D:11: 279 daAuts
  Temple: 26 daAuts
